 Dungeon Crawl Stone Soup version 0.17-a0-2093-gc772f4b (webtiles) character file.

92 nubinia the Stinger (level 4, -5/30 HPs)
             Began as a Demonspawn Venom Mage on Oct 16, 2015.
             Splashed by a jelly's acid (7 damage)
             ... on level 3 of the Dungeon.
             The game lasted 00:08:58 (2035 turns).

nubinia the Stinger (Demonspawn Venom Mage)         Turns: 2035, Time: 00:08:58

Health: -5/30      AC:  0    Str:  8    XL:     4   Next: 35%
Magic:  6/7        EV: 12    Int: 17    God:
Gold:   170        SH:  3    Dex: 14    Spells: 3 memorised, 1 level left

rFire  . . .     SeeInvis .     e - +0 short sword
rCold  . . .     Clarity  .     a - +0 robe
rNeg   . . .     SustAt   .     k - +0 buckler
rPois  .         Gourm    .     q - +0 helmet
rElec  .         Spirit   .     r - +0 cloak
rCorr  .         Warding  .     (no gloves)
rMut   .         Stasis   .     (boots unavailable)
MR     .....                    (no amulet)
Stlth  ++........               (no ring)
                                d - +5 ring of slaying

@: corroded equipment, not resistant to hostile enchantments, unstealthy
A: hooves 3
a: no special abilities


You were on level 3 of the Dungeon.
You were hungry.

You visited 1 branch of the dungeon, and saw 3 of its levels.

You collected 170 gold pieces.

Inventory:

Hand Weapons
 e - a +0 short sword (weapon)
Armour
 a - a +0 robe (worn)
 k - a +0 buckler (worn)
 q - a +0 helmet (worn)
 r - a +0 cloak (worn)
 w - a +0 pair of boots
Jewellery
 d - a +5 ring of slaying (left hand)
Wands
 v - a wand of random effects (44)
 y - a wand of slowing (17)
Scrolls
 f - a scroll of recharging {unknown}
 g - a scroll of teleportation
 h - a scroll of blinking {unknown}
 j - a scroll of magic mapping {unknown}
 l - 2 scrolls of amnesia
 p - a scroll of enchant weapon {unknown}
 s - a scroll of random uselessness {unknown}
 x - a scroll of immolation {unknown}
Potions
 m - a potion of curing {unknown}
 n - a potion of poison
 t - a potion of haste {unknown}
 u - a potion of degeneration
Books
 b - a Young Poisoner's Handbook

   Spells                             Type                      Level
   a - Sting                          Conjuration/Poison           1
   b - Cure Poison                    Poison                       2
   c - Mephitic Cloud                 Conjuration/Poison/Air       3
   d - Olgreb's Toxic Radiance        Poison                       4
   e - Venom Bolt                     Conjuration/Poison           5
Comestibles
 c - 3 bread rations
 i - 2 slices of pizza
 o - a meat ration


   Skills:
 + Level 0.3 Short Blades
 + Level 2.3 Dodging
 + Level 2.3 Stealth
 + Level 0.1 Unarmed Combat
 + Level 2.3 Spellcasting
 * Level 0.8 Conjurations
 + Level 4.8 Poison Magic


You had one spell level left.
You knew the following spells:

 Your Spells              Type           Power        Failure   Level  Hunger
a - Sting                 Conj/Pois      ##..         12%         1    #......
b - Cure Poison           Pois           ###.......   10%         2    ##.....
c - Mephitic Cloud        Conj/Pois/Air  #.......     54%         3    ###....


Dungeon Overview and Level Annotations

Branches:
Dungeon (3/15)

Altars:


Innate Abilities, Weirdness & Mutations

You have hooves in place of feet.


Message History

Casting: Sting
Confirm with . or Enter, or press ? or * to list all spells.
Aiming: Sting
Press: ? - help, Shift-Dir - straight line, f/p - jelly
Aim: a jelly (lightly wounded)
The sting hits the jelly.
The jelly is lightly wounded.
You hit the jelly.
Your hands burn!
You kick the jelly.
The jelly is heavily wounded.
The jelly hits you.
You are splashed with acid!
The acid burns!
You hit the jelly.
Your hands burn!
The jelly is severely wounded.
The jelly hits you.
You are splashed with acid!
The acid corrodes you!
The acid burns!
* * * LOW HITPOINT WARNING * * *
The jelly misses you. The jelly hits you.
* * * LOW HITPOINT WARNING * * *
You are splashed with acid!
The acid burns!
You die...

#.#.#.######
#..........###
####.........#
#...#..###..###
.(..###...##....#
.### #.....######
#.....# ..
##.J...# ..# #
###.@...## #.# #.
##...##.##
#.####..##..######
#........).##
#..#######.#
###..# ####.######
....#
###.........#
.##.#
#...#######.#
###.###.###


You could see a jelly.

Vanquished Creatures
  Jessica (D:3)
  A gnoll (D:2)
  An ooze (D:1)
  A worm (D:2)
  A giant gecko (D:2)
  2 ball pythons
  5 bats
  2 giant cockroaches (D:2)
  4 goblins
  7 hobgoblins
  2 jackals (D:2)
  7 kobolds
  2 giant newts (D:1)
  9 rats
45 creatures vanquished.

Notes
Turn   | Place    | Note
--------------------------------------------------------------
     0 | D:1      | nubinia the Demonspawn Venom Mage began the quest for the Orb.
     0 | D:1      | Reached XP level 1. HP: 13/13 MP: 3/3
   355 | D:1      | Gained mutation: You have large cloven feet. [demonic ancestry]
   355 | D:1      | Reached XP level 2. HP: 19/19 MP: 5/5
   359 | D:1      | Learned a level 2 spell: Cure Poison
   753 | D:1      | Gained mutation: You have hoof-like feet. [demonic ancestry]
   753 | D:1      | Reached XP level 3. HP: 7/24 MP: 1/6
   758 | D:1      | Learned a level 3 spell: Mephitic Cloud
  1928 | D:3      | Noticed Jessica
  1930 | D:3      | Killed Jessica
  1930 | D:3      | Gained mutation: You have hooves in place of feet. [demonic ancestry]
  1930 | D:3      | Reached XP level 4. HP: 30/30 MP: 7/7
  2035 | D:3      | Splashed by a jelly's acid

Vault maps used:
D:1:      saegor_arrival_simple_f
D:3:      uniq_jessica

Action                   |  1- 3 |  4- 6 || total
-------------------------+-------+-------++-------
Melee: Short sword       |    64 |     9 ||    73
       Unarmed           |     8 |       ||     8
 Cast: Sting             |    31 |     2 ||    33
  Use: Scroll            |     3 |     1 ||     4
 Stab: Sleeping          |     5 |       ||     5
  Eat: Chunk             |     3 |       ||     3
